 Dungeon Crawl Stone Soup version 0.29.1-13-g9f3cf754e1 (webtiles) character file.

Game seed: 16357005454778618262

274 BeingJoeMalik the Slasher (level 6, -2/37 HPs)
             Began as a Tengu Monk on Feb 2, 2023.
             Slain by a raiju (7 damage)
             ... on level 2 of the Abyss.
             The game lasted 00:10:18 (4962 turns).

BeingJoeMalik the Slasher (Tengu Monk)              Turns: 4962, Time: 00:10:18

Health: -2/37      AC:  3    Str: 13    XL:     6   Next: 24%
Magic:  7/7        EV: 16    Int: 10    God:
Gold:   165        SH:  0    Dex: 17    Spells: 5/5 levels left

rFire   . . .      SeeInvis .   a - +0 falchion
rCold   . . .      Faith    .   (no shield)
rNeg    . . .      Spirit   .   b - +1 robe
rPois   +          Reflect  .   (helmet restricted)
rElec   .          Harm     .   (no cloak)
rCorr   .          Rampage  .   (no gloves)
Will    .....                   (boots unavailable)
Stlth   ++........              (no amulet)
HPRegen 0.12/turn               k - ring of poison resistance
MPRegen 0.10/turn               (no ring)

@: mighty, flying quickly and evasively, quick
A: beak, talons 3, nimble flight
a: no special abilities


You were on level 2 of the Abyss.
You visited 1 branch of the dungeon, and saw 5 of its levels.
You visited the Abyss 1 time.

You collected 165 gold pieces.

Inventory:

Hand Weapons
 a - a +0 falchion (weapon)
Armour
 b - a +1 robe (worn)
Jewellery
 k - a ring of poison resistance (left hand)
Scrolls
 p - a scroll of vulnerability
Potions
 c - a potion of ambrosia
 d - a potion of resistance
 g - 3 potions of curing
 h - a potion of heal wounds
 i - a potion of cancellation {unknown}
 n - a potion of flight
 o - a potion of lignification {unknown}
 r - a potion of mutation {unknown}


   Skills:
 + Level 3.2 Fighting
 + Level 7.3 Long Blades
 - Level 3.2 Dodging
 - Level 2.0 Stealth


You had 5 spell levels left.
You didn't know any spells.
Your spell library contained the following spells:

 Spells                   Type           Power      Damage    Failure   Level
 Shock                    Conj/Air       0%         1d3       36%         1
 Swiftness                Air            0%         N/A       75%         3
 Airstrike                Air            0%         2d(0-16)  98%         4


Dungeon Overview and Level Annotations

Branches:
Dungeon (5/15)
 Temple: D:4-7

Altars:

Annotations:
D:5 Edmund


Innate Abilities, Weirdness & Mutations

You have a beak for a mouth.
You have claws for feet.
Your magical nature lets you fly swiftly and evasively.


Message History

You are exhausted.
You feel yourself slow down.
HP restored.
You feel yourself speed up.
You recover from your berserk rage. 2 raiju come into view.
The raiju barks!
A raiju comes into view.
Unknown command.
The raiju bursts into living lightning!
The living lightning hits you!
The raiju blinks! x2
The raiju bursts into living lightning!
The living lightning hits you!
* * * LOW HITPOINT WARNING * * *
The raiju blinks!
It was a potion of might.
You feel very mighty all of a sudden. The raiju completely misses you.
The raiju closely misses you.
It was a potion of heal wounds.
You feel much better. The raiju closely misses you.
You hit the raiju. Your kick misses the raiju.
The raiju is lightly wounded.
The raiju barely misses you.
A large abomination comes into view.
You slash the raiju! Your kick misses the raiju.
The raiju is moderately wounded.
The raiju bites you. The raiju shocks you!
You slash the raiju!
The raiju is heavily wounded.
You barely miss the raiju.
The raiju is heavily wounded.
The raiju bites you. The raiju shocks you!
* * * LOW HITPOINT WARNING * * *
You slash the raiju! Your kick misses the raiju. You peck the raiju.
The raiju is severely wounded.
The raiju bites you.
* * * LOW HITPOINT WARNING * * *
The raiju shocks you!
You die...

...... ......
..... ..... .
#..... ....#
#.##...###...## .
#.#.....#.....#..
......X.........
#......h........
#.......@.......
#.....#.....#..
######...###...##
. ..#... .#.....#
#....ยง.........
#....... ......#
#....... .......
#...#..##..#.#.#.
###..... ...#


You could see a large abomination and a raiju.

Vanquished Creatures
  A phantom (D:3)
  A jelly (D:4)
  Robin (D:4)
  A gnoll (D:1)
  4 adders
  A worm (D:2)
  2 orcs (D:3)
  12 ball pythons
  8 endoplasms
  7 giant cockroaches
  8 goblins
  6 hobgoblins
  2 jackals (D:2)
  6 kobolds
  A quokka (D:1)
  8 bats
  5 rats
74 creatures vanquished.

Vanquished Creatures (collateral kills)
  A jelly (D:5)
1 creature vanquished.

Vanquished Creatures (others)
  2 giant cockroaches (D:2)
2 creatures vanquished.

Grand Total: 77 creatures vanquished

Notes
Turn   | Place    | Note
-------+----------+-------------------------------------------
     0 | D:1      | BeingJoeMalik the Tengu Monk began the quest for the Orb.
     0 | D:1      | Reached XP level 1. HP: 14/14 MP: 2/2
    84 | D:1      | Reached skill level 4 in Long Blades
    84 | D:1      | Reached XP level 2. HP: 19/19 MP: 3/3
   742 | D:1      | Reached XP level 3. HP: 19/23 MP: 4/4
  1460 | D:2      | Reached skill level 5 in Long Blades
  1724 | D:2      | Reached XP level 4. HP: 23/28 MP: 5/5
  2632 | D:3      | Found a faded altar of an unknown god.
  2670 | D:3      | Noticed a phantom
  3130 | D:3      | Killed a phantom
  3131 | D:3      | Reached skill level 6 in Long Blades
  3131 | D:3      | Gained mutation: Your magical nature lets you fly swiftly
                  | and evasively. [Tengu growth]
  3131 | D:3      | Reached XP level 5. HP: 15/32 MP: 6/6
  4029 | D:4      | Noticed Robin
  4052 | D:4      | Killed Robin
  4586 | D:4      | Reached skill level 7 in Long Blades
  4586 | D:4      | Reached XP level 6. HP: 22/37 MP: 7/7
  4807 | D:5      | Entered Level 5 of the Dungeon
  4868 | D:5      | Noticed Edmund
  4891 | Abyss:2  | Cast into level 2 of the Abyss (Edmund)
  4936 | Abyss:2  | Noticed a raiju
  4936 | Abyss:2  | Noticed a raiju
  4936 | Abyss:2  | Noticed a raiju
  4958 | Abyss:2  | Noticed a large abomination
  4962 | Abyss:2  | Slain by a raiju

Illustrated notes

Levels and vault maps discovered:
D:1:      kilobyte_arrival_exit_the_forest, layout_basic
D:2:      layout_loops_cross, grunt_decor_resistance, lemuel_flame_loot_1
D:3:      layout_loops_cross, ebering_ecumenical_altar_rust
D:4:      layout_basic, hangedman_decor_push, uniq_robin
D:5:      layout_basic, nicolae_kikubaaqudgha_miasma_corner,
          kennysheep_minor_cross, uniq_edmund
Abyss:2:  base: D:4, hangedman_abyss_or_decor_jellyfish_corner, minivault_22

Skill      XL: |  1  2  3  4  5 |
---------------+----------------+-----
Long Blades    | 4 5 6 7 |  7.3
Fighting       | |  3.2
Dodging        | |  3.2
Stealth        | |  2.0

Action                   |  1- 3 |  4- 6 || total
-------------------------+-------+-------++-------
Melee: Falchion          |    72 |   106 ||   178
       Peck              |     9 |    16 ||    25
       Kick              |    11 |    29 ||    40
       Punch             |     2 |     2 ||     4
Throw: Dart              |       |     3 ||     3
  Use: Scroll            |       |    11 ||    11
       Potion            |       |     3 ||     3
 Stab: Sleeping          |    11 |     6 ||    17
Armor: Robe              |     4 |    17 ||    21
Dodge: Dodged            |    44 |    58 ||   102
